 Dungeon Crawl Stone Soup version 0.27-a0-1502-g47ed6a6988 (webtiles) character file.

Game seed: 441090456457718743

1124 lunkers the Martial Artist (level 8, 0/54 HPs)
             Began as a Djinni Warper on July 8, 2021.
             Slain by a steam dragon (1 damage)
             ... on level 8 of the Dungeon.
             The game lasted 00:10:53 (7750 turns).

lunkers the Martial Artist (Djinni Warper)          Turns: 7750, Time: 00:10:54

Health: 0/54       AC:  9    Str: 12    XL:     8   Next: 61%
Gold:   190        EV: 12    Int: 17    God:
                   SH:  0    Dex: 20

rFire    + + .     SeeInvis +   F - +8 quarterstaff "Newtbane" {vorpal, Int+3}
rCold    x . .     Faith    .   (shield currently unavailable)
rNeg     . . .     Spirit   .   i - +0 ring mail
rPois    ∞         Reflect  .   v - +2 helmet
rElec    .         Harm     .   (no cloak)
rCorr    .         Rampage  .   p - +0 pair of gloves
Will     .....                  (boots unavailable)
Stlth    +.........             (no amulet)
HPRegen  0.18/turn              d - +6 ring of dexterity
MPRegen  0.00/turn              s - ring of see invisible

@: flying
A: sickness immunity, fire resistance 2, cold vulnerability 1, float, innate
caster, hp casting, extra vitality 1
a: no special abilities


You were on level 8 of the Dungeon.
You visited 1 branch of the dungeon, and saw 7 of its levels.

You collected 190 gold pieces.

Inventory:

Hand Weapons
 F - the +8 quarterstaff "Newtbane" (weapon) {vorpal, Int+3}
   (You found it on level 5 of the Dungeon)

   It inflicts extra damage upon your enemies.
   Int:       It affects your intelligence (+3).
Missiles
 c - 3 boomerangs of dispersal
 g - 153 stones (quivered)
 l - 3 atropa-tipped darts
 w - 2 throwing nets
Armour
 a - a +0 leather armour
 h - a +0 helmet
 i - a +0 ring mail (worn)
 p - a +0 pair of gloves (worn)
 v - a +2 helmet (worn)
Magical Staves
 r - a staff of poison
 D - a staff of cold
Jewellery
 d - a +6 ring of dexterity (left hand)
 n - an amulet of faith
 s - a ring of see invisible (right hand)
Wands
 t - a wand of paralysis (15)
Scrolls
 b - 2 scrolls of blinking
 e - 3 scrolls of teleportation {unknown}
 j - 3 scrolls of identify {unknown}
 k - a scroll of amnesia {unknown}
 q - 2 scrolls of magic mapping {unknown}
 x - a scroll of noise {unknown}
 y - a scroll of silence {unknown}
 z - 2 scrolls of fear {unknown}
 C - a scroll of enchant weapon {unknown}
Potions
 f - a potion of attraction {unknown}
 m - a potion of cancellation {unknown}
 o - 2 potions of curing {unknown}
 u - a potion of magic {unknown}
 A - a potion of brilliance {unknown}
 B - a potion of lignification {unknown}
 E - a potion of invisibility {unknown}


   Skills:
 - Level 2.0 Fighting
 - Level 0.7 Throwing
 - Level 1.0 Armour
 + Level 3.6 Dodging
 * Level 9.0 Unarmed Combat
 + Level 3.1 Spellcasting


You couldn't memorise any spells.
You knew the following spells:

 Your Spells              Type           Power      Damage    Failure   Level
a - Shock                 Conj/Air       52%        1d6       11%         1
b - Lesser Beckoning      Tloc           6%         N/A       32%         3
c - Gell's Gravitas       Tloc           6%         N/A       32%         3
d - Teleport Other        Tloc           13%        N/A       32%         3
e - Manifold Assault      Tloc           13%        N/A       96%         5
f - Searing Ray           Conj           26%        3d4       16%         2
g - Static Discharge      Conj/Air       13%        N/A       16%         2
p - Blink                 Tloc           N/A        N/A       16%         2
Your spell library was empty.

Dungeon Overview and Level Annotations

Branches:
Dungeon (6/15)
 Temple: D:4-7

Altars:
Okawaru
Zin


Innate Abilities, Weirdness & Mutations

You are immune to sickness and miasma.
You are immune to poison.
Your flesh is very heat resistant. (rF++)
You are vulnerable to cold. (rC-)
You float through the air rather than walking.
You learn spells naturally, not from books.
Your magical power is your life essence.
You have superior vitality. (+4 HP)


Message History

The helpless steam dragon fails to defend itself.
You sock the steam dragon!
The steam dragon is heavily wounded.
The helpless steam dragon fails to defend itself.
You hit the steam dragon but do no damage.
The steam dragon is heavily wounded.
The helpless steam dragon fails to defend itself.
You hit the steam dragon but do no damage.
The steam dragon is heavily wounded.
The helpless steam dragon fails to defend itself.
You hit the steam dragon but do no damage.
The steam dragon is heavily wounded.
The helpless steam dragon fails to defend itself.
You thump the steam dragon!
The steam dragon is almost dead.
The steam dragon is no longer paralysed.
The steam dragon misses you.
The steam dragon claws you but does no damage.
You barely miss the steam dragon.
The steam dragon is almost dead.
The steam dragon breathes steam at you. The ball of steam hits you. You resist.
* * * LOW HITPOINT WARNING * * *
Aiming: Paralyse
Press: ? - help, Shift-Dir - straight line, f/p - steam dragon
Aim: a steam dragon (almost dead, catching its breath, chance to affect: 46%)
The steam dragon resists with some effort.
The steam dragon closely misses you.
The steam dragon claws you but does no damage.
Unknown command.
You hit the steam dragon but do no damage.
The steam dragon is almost dead.
The steam dragon bites you.
* * * LOW HITPOINT WARNING * * *
The steam dragon claws you.
* * * LOW HITPOINT WARNING * * *
The steam dragon bites you.
* * * LOW HITPOINT WARNING * * *
The steam dragon claws you.
You die...

##########
#........#
#.^......#
#........#
#...)....#
#../..).)#
#.......?#
#..D.....#
#...@....#
#...)§...#
#.....§..##
#.........=.
#........###
##########


You could see a steam dragon (catching breath).

Vanquished Creatures
  Sigmund (D:2)
  A black bear (D:5)
  A sky beast (D:5)
  A centaur (D:5)
  A phantom (D:3)
  A kobold brigand (D:8)
  3 scorpions
  A water moccasin skeleton (D:4)
  An orc priest (D:3)
  Ijyb (D:3)
  2 orc wizards
  2 iguanas
  3 gnolls (D:4)
  5 adders
  A white imp (D:5)
  An ufetubus (D:4)
  An adder skeleton (D:4)
  3 worms
  3 dart slugs
  9 orcs
  10 endoplasms
  4 giant cockroaches
  4 goblins
  10 hobgoblins
  7 jackals
  A quokka (D:4)
  7 ball pythons
  2 bats
  3 frilled lizards
  11 kobolds
  3 rats
104 creatures vanquished.

Notes
Turn   | Place    | Note
-------+----------+-------------------------------------------
     0 | D:1      | lunkers the Djinni Warper began the quest for the Orb.
     0 | D:1      | Reached XP level 1. HP: 18/18 MP: 0/0
   119 | D:1      | Reached XP level 2. HP: 3/23 MP: 0/0
   468 | D:1      | Reached skill level 3 in Unarmed Combat
   702 | D:1      | Found a faded altar of an unknown god.
   714 | D:1      | Reached XP level 3. HP: 26/28 MP: 0/0
   714 | D:1      | Learned a level 1 spell: Shock
  1811 | D:2      | Reached skill level 4 in Unarmed Combat
  1811 | D:2      | Reached XP level 4. HP: 30/33 MP: 0/0
  2320 | D:2      | Noticed Sigmund
  2405 | D:2      | Killed Sigmund
  2406 | D:2      | Reached skill level 6 in Unarmed Combat
  2406 | D:2      | Reached XP level 5. HP: 14/38 MP: 0/0
  2406 | D:2      | Learned a level 2 spell: Searing Ray
  2406 | D:2      | Reached XP level 6. HP: 16/43 MP: 0/0
  3130 | D:3      | Found a glowing silver altar of Zin.
  3680 | D:3      | Reached skill level 7 in Unarmed Combat
  3680 | D:3      | Reached XP level 7. HP: 12/49 MP: 0/0
  3680 | D:3      | Learned a level 2 spell: Static Discharge
  4016 | D:3      | Noticed Ijyb
  4016 | D:3      | Paralysed by Ijyb for 3 turns
  4022 | D:3      | Paralysed by Ijyb for 3 turns
  4029 | D:3      | Killed Ijyb
  5789 | D:4      | Reached skill level 8 in Unarmed Combat
  6132 | D:5      | Entered Level 5 of the Dungeon
  6728 | D:5      | Reached XP level 8. HP: 29/54 MP: 0/0
  7239 | D:5      | Found an iron altar of Okawaru.
  7511 | D:5      | Identified the +8 quarterstaff "Newtbane" {vorpal, Int+3}
  7669 | D:5      | Reached skill level 9 in Unarmed Combat
  7726 | D:6      | You are sucked into a shaft and drop 2 floors!
  7726 | D:8      | Found the +9 sword of Zonguldrok {reap}
  7750 | D:8      | HP: 1/54 [steam dragon (5)]
  7750 | D:8      | Slain by a steam dragon

Illustrated notes

Levels and vault maps discovered:
D:1:      heliophobic_arrival_battle_scene, layout_basic,
          ebering_ecumenical_altar_box
D:2:      layout_rooms, minmay_misc_feat_rugged, amcnicky_mini_pool_small,
          chequers_jeans, uniq_sigmund
D:3:      layout_basic, zin_academy, uniq_ijyb
D:4:      wander_river, layout_rooms, serial_forest,
          infiniplex_forest_straight_2, infiniplex_forest_straight_5,
          infiniplex_forest_lined_room_2, infiniplex_forest_clump_double,
          infiniplex_forest_lined_corner, kennysheep_generic_room_12
D:5:      layout_rooms, kennysheep_mini_moat, hex_intersection,
          chequers_serial_rivers_room_a
D:6:      minmay_octagon_keep, layout_basic, mainiacjoe_overflow_catwalk,
          grunt_decor_clamped, minmay_misc_feat_alley, uniq_prince_ribbit1,
          uniq_duvessa, uniq_maggie
D:8:      layout_basic, water_maze_lemuel

Skill      XL: |  1  2  3  4  5  6  7  8 |
---------------+-------------------------+-----
Unarmed Combat | 3 4 6 7 8 9 |  9.0
Dodging        | 3 |  3.6
Spellcasting   | 3 |  3.1
Fighting       | |  2.0
Throwing       | |  0.7
Armour         | |  1.0

Action                   |  1- 3 |  4- 6 |  7- 9 || total
-------------------------+-------+-------+-------++-------
Melee: Unarmed           |    60 |     7 |    30 ||    97
       Punch             |     1 |       |     2 ||     3
       Quarterstaff      |       |       |     8 ||     8
Throw: Boomerang         |     2 |       |       ||     2
 Cast: Shock             |    36 |   106 |   103 ||   245
       Static Discharge  |       |       |    66 ||    66
Evoke: Wand              |       |       |     6 ||     6
  Use: Scroll            |       |       |     1 ||     1
 Stab: Sleeping          |     1 |       |       ||     1
       Paralysed         |       |       |     5 ||     5
Armor: Leather armour    |    13 |       |       ||    13
       Ring mail         |     2 |    11 |    42 ||    55
Dodge: Dodged            |    35 |    26 |    95 ||   156

Table legend: (Time is in decaauts)
 A = Elapsed time spent in this place.
 B = Non-inter-level travel time spent in this place.
 C = Inter-level travel time spent in this place.
 D = Time resting spent in this place.
 E = Time spent auto-exploring this place.
 F = Levels seen in this place.
 G = Mean time per level.
                   A        B        C        D        E       F      G
               +--------+--------+--------+--------+--------+-----+--------+
         Total |   7745 |   7493 |    252 |   1421 |   5103 |   7 | 1106.4 |
       Dungeon |   7745 |   7493 |    252 |   1421 |   5103 |   7 | 1106.4 |
               +--------+--------+--------+--------+--------+-----+--------+

Top non-repeatable levels by time:
     D:4: 1925 daAuts
     D:3: 1789 daAuts
     D:1: 1445 daAuts
     D:2: 1423 daAuts
     D:5: 1087 daAuts
     D:6: 47 daAuts
     D:8: 25 daAuts
